 Dungeon Crawl Stone Soup version 0.25-a0-613-gf4b266557c (webtiles) character file.

Game seed: 13622220965986301069, levelgen mode: deterministic

91 Notrik the Skirmisher (level 4, -2/31 HPs)
             Began as a Gargoyle Fighter on Mar 17, 2020.
             Killed by divine providence
             ... invoked by an orc priest
              (9 damage)
             ... on level 3 of the Dungeon.
             The game lasted 00:04:03 (2173 turns).

Notrik the Skirmisher (Gargoyle Fighter)            Turns: 2173, Time: 00:04:04

Health: -2/31      AC: 11    Str: 20    XL:     4   Next: 59%
Magic:  4/4        EV:  7    Int:  9    God:
Gold:   122        SH:  9    Dex:  9    Spells: 3/3 levels left

rFire    . . .     SeeInvis .   a - +0 flail
rCold    . . .     Gourm    .   c - +0 kite shield
rNeg     + . .     Faith    .   b - +0 scale mail
rPois    ∞         Spirit   .   (no helmet)
rElec    +         Reflect  .   (no cloak)
rCorr    .         Harm     .   (no gloves)
MR       .....                  j - +0 pair of boots
Stlth    ..........             (no amulet)
HPRegen  0.10/turn              (no ring)
MPRegen  0.09/turn              (no ring)

@: no status effects
A: negative energy resistance 1, electricity resistance, unbreathing,
petrification resistance, rot immunity, AC +3
a: no special abilities


You were on level 3 of the Dungeon.
You were not hungry.

You visited 1 branch of the dungeon, and saw 3 of its levels.

You collected 122 gold pieces.

Inventory:

Hand Weapons
 a - a +0 flail (weapon)
 p - a +1 hand axe of flaming
   (You found it on level 1 of the Dungeon)
Armour
 b - a +0 scale mail (worn)
 c - a +0 kite shield (worn)
 j - a +0 pair of boots (worn)
   (You found it on level 1 of the Dungeon)
 n - a +1 pair of gloves
   (You found it on level 1 of the Dungeon)
Jewellery
 u - a +3 amulet of reflection {unknown}
   (You found it on level 3 of the Dungeon)
Scrolls
 f - 4 scrolls of identify {unknown}
 h - 2 scrolls of remove curse {unknown}
 i - 2 scrolls of teleportation {unknown}
 k - a scroll of enchant armour {unknown}
 l - 2 scrolls of magic mapping {unknown}
 o - a scroll of fear {unknown}
Potions
 d - a potion of might
 m - a potion of cancellation {unknown}
 q - a potion of flight {unknown}
 r - a potion of haste {unknown}
 s - a potion of berserk rage {unknown}
 t - a potion of ambrosia {unknown}
 v - a potion of brilliance {unknown}
Comestibles
 e - 5 rations {!d}
 g - 6 chunks of flesh


   Skills:
 * Level 5.1 Fighting
 + Level 3.0 Maces & Flails
 - Level 3.2 Armour
 - Level 3.2 Shields


You had 3 spell levels left.
You didn't know any spells.
Your spell library was empty.

Dungeon Overview and Level Annotations

Branches:
Dungeon (3/15)

Altars:
Gozag
Vehumet


Innate Abilities, Weirdness & Mutations

You are resistant to torment.
Your stone body is resilient. (AC +3)
You are immune to poison.
You resist negative energy. (rN+)
You are resistant to electric shocks. (rElec)
You can survive without breathing.
You are immune to petrification.
You are immune to rotting.


Message History

g - 6 chunks of flesh (gained 3)
Things that are here:
a +0 hand axe; an orc skeleton
Things that are here:
a +0 hand axe; an orc skeleton An orc comes into view.
It is wielding a -2 mace.
An orc is nearby!
An orc is nearby!
An orc is nearby!
An orc comes into view. It is wielding a +0 club.
The orc shouts!
An orc priest comes into view. It is wielding a +0 dagger.
The orc priest shouts!
You barely miss the orc. The orc hits you but does no damage.
You hit the orc. The orc hits you but does no damage.
The orc priest calls upon Beogh to heal the orc.
The orc's wounds heal themselves!
You closely miss the orc. The orc barely misses you.
The orc priest invokes the aid of Beogh against you.
Beogh smites you! The orc hits you but does no damage.
You closely miss the orc. The orc hits you but does no damage.
You hit the orc. You block the orc's attack.
You hit the orc but do no damage. The orc hits you but does no damage.
A dart slug comes into view.
You closely miss the orc. You block the orc's attack.
You closely miss the orc. The orc hits you but does no damage.
Your shield prevents you from hitting the orc.
You block the orc's attack.
The orc priest looks satisfied for a moment.
Your shield prevents you from hitting the orc.
The orc hits you but does no damage.
You thump the orc!
You kill the orc!
The orc priest miscasts a cantrip.
The orc priest hits you but does no damage.
Things that are here:
a cursed -2 mace; an orc corpse You barely miss the orc priest.
The orc priest mumbles some strange prayers to Beogh against you.
Beogh smites you!
Ouch! That really hurt!
* * * LOW HITPOINT WARNING * * *
You hit the orc priest but do no damage.
The orc priest hits you but does no damage.
You hit the orc priest but do no damage.
You block the orc priest's attack. x2
You sock the orc priest!
The orc priest mumbles some strange prayers to Beogh against you.
Beogh smites you!
You die...

...#.# #. #.# #..#.# #..
##.#.# ### #.#.# ##...##
#.....# #.....#########
.........)....#####.###.
##...########...@oow....
....## #######.###.
###.# #.# #.


You could see an orc priest, a dart slug and an orc.

Vanquished Creatures
  2 worms (D:2)
  2 dart slugs
  3 leopard geckos
  3 orcs
  3 ball pythons
  2 giant cockroaches (D:1)
  10 goblins
  7 hobgoblins
  11 jackals
  8 bats
  7 frilled lizards
  5 kobolds
  8 rats
71 creatures vanquished.

Notes
Turn   | Place    | Note
-------+----------+-------------------------------------------
     0 | D:1      | Notrik the Gargoyle Fighter began the quest for the Orb.
     0 | D:1      | Reached XP level 1. HP: 14/14 MP: 1/1
    54 | D:1      | Reached XP level 2. HP: 8/20 MP: 2/2
   504 | D:1      | Reached skill level 4 in Fighting
   718 | D:1      | Reached XP level 3. HP: 14/24 MP: 3/3
  1168 | D:2      | Found an opulent altar of Gozag.
  1321 | D:2      | Reached XP level 4. HP: 30/30 MP: 4/4
  1465 | D:2      | Found a radiant altar of Vehumet.
  1990 | D:3      | Reached skill level 5 in Fighting
  2173 | D:3      | Killed from afar by an orc priest

Levels and vault maps discovered:
D:1:      mainiacjoe_arrival_reflecting_pool, layout_basic, minmay_tromino_v4_c
D:2:      layout_loops_cross, grunt_gozag_statues, marbit_many_paths,
          first_ration, minmay_misc_feat_pillars, moated_statue
D:3:      layout_loops_ring

Skill      XL: |  1  2  3  4 |
---------------+-------------+-----
Fighting       | 4 5 |  5.1
Maces & Flails | 3 |  3.0
Armour         | |  3.2
Shields        | |  3.2

Action                   |  1- 3 |  4- 6 || total
-------------------------+-------+-------++-------
Melee: Flail             |   169 |   104 ||   273
  Eat: Chunk             |     2 |     3 ||     5
Armor: Scale mail        |    96 |    43 ||   139
Dodge: Dodged            |    60 |    28 ||    88
Block: Kite shield       |   110 |    50 ||   160

Table legend:
 A = Non-vault XP
 B = Vault XP
 C = Vault XP percentage of total XP
 D = Non-vault monster count
 E = Vault monster count
 F = Vault count percentage of total count
                 A         B        C        D         E       F
            +---------+---------+-------+---------+---------+-------
      Total |     126 |       5 |   3.8 |      68 |       3 |   4.2
            +---------+---------+-------+---------+---------+-------
        D:1 |      44 |       4 |   8.3 |      26 |       2 |   7.1
        D:2 |      62 |       1 |   1.6 |      32 |       1 |   3.0
        D:3 |      20 |       0 |   0.0 |      10 |       0 |   0.0
            +---------+---------+-------+---------+---------+-------
